 Dungeon Crawl Stone Soup version 0.31-a0-202-g547052bce9 (webtiles) character file.

Game seed: 13847560919928253156

30 qw the Shooter (level 3, 0/20 HPs)
             Began as a Deep Elf Hunter on June 26, 2023.
             Slain by a river rat (8 damage)
             ... in a sewer.
             The game lasted 00:00:19 (790 turns).

qw the Shooter (Deep Elf Hunter)                     Turns: 790, Time: 00:00:19

Health: 0/20       AC:  5    Str: 10    XL:     3   Next: 3%
Magic:  5/5        EV: 11    Int: 13    God:
Gold:   33         SH:  0    Dex: 18    Spells: 2/2 levels left

rFire   . . .        a - +0 shortbow
rCold   . . .        (shield currently unavailable)
rNeg    . . .        f - +0 ring mail
rPois   .            (no helmet)
rElec   .            (no cloak)
rCorr   +            (no gloves)
SInv    .            (no boots)
Will    .....        (no amulet)
Stlth   +            e - ring of resist corrosion
HPRegen 0.23/turn    (no ring)
MPRegen 0.09/turn

%: no passive effects
@: no status effects
A: no striking features
a: no special abilities


You were in a sewer.
You visited 1 branch of the dungeon, and saw 3 of its levels.
You also visited: Sewer.

You collected 33 gold pieces.


   Skills:
 - Level 1.5 Fighting
 + Level 6.6 Ranged Weapons
 - Level 2.4 Dodging
 - Level 1.2 Stealth


You had 2 spell levels left.
You didn't know any spells.
Your spell library was empty.

Inventory:

Hand Weapons
 a - a +0 shortbow (weapon)
Armour
 f - a +0 ring mail (worn)
Jewellery
 e - a ring of resist corrosion (left hand)
Potions
 b - a potion of enlightenment {unknown}
 d - a potion of heal wounds {unknown}
 g - a potion of degeneration {unknown}

Dungeon Overview and Level Annotations

Branches:
Dungeon (3/15)              Sewer (1/1)

Altars:
Fedhas


Message History

You kill the ball python!
You shoot an arrow. The arrow hits the giant cockroach.
You kill the giant cockroach!
You have reached level 3!
Your experience leads to an increase in your attributes!
Increase (S)trength, (I)ntelligence, or (D)exterity?
You feel stronger. x2
You enter the shallow water.
Moving in this stuff is going to be slow.
There is a glowing drain here.
Enter note:
Enter note: The world spins around you as you enter the gateway.
You enter a sewer!
There is an empty arch of ancient stone here.
Waypoint 3 assigned to Sewer.
Found a gate leading back out of this place. 2 rats come into view.
You shoot an arrow. The arrow hits the rat!
You kill the rat!
You shoot an arrow. The arrow hits the rat.
You kill the rat!
A river rat comes into view.
You shoot an arrow. The arrow closely misses the river rat.
You shoot an arrow. The arrow hits the river rat.
The river rat is moderately wounded.
You shoot an arrow. The arrow closely misses the river rat.
You shoot an arrow. The arrow hits the river rat.
The river rat is heavily wounded.
You shoot an arrow.
The arrow hits the river rat but does no damage.
The river rat is heavily wounded.
The river rat bites you!
You shoot an arrow. The arrow barely misses the river rat.
The river rat bites you.
You shoot an arrow. The arrow barely misses the river rat.
The river rat closely misses you.
You shoot an arrow. The arrow barely misses the river rat.
The river rat bites you!
You die...

~~~~.......#
~~~~~......
~~~.....%.#
~~~~~.....
~~~......#
~~.~..... ###
~~.....r# #\#
~~~....@###.#
~~~......#..#
~~.........##
~~........##
~~~~.....##
~~~~.....#
~~~~~.....
~~~~......#
~~~~~...#..


You could see a river rat.

Vanquished Creatures
  2 endoplasms (D:1)
  A giant cockroach (D:3)
  3 goblins
  4 hobgoblins (D:1)
  3 jackals (D:1)
  4 kobolds (D:1)
  4 ball pythons
  3 bats
  2 frilled lizards (D:1)
  4 rats
30 creatures vanquished.

Notes
Turn   | Place    | Note
-------+----------+-------------------------------------------
     0 | D:1      | qw the Deep Elf Hunter began the quest for the Orb.
     0 | D:1      | Reached XP level 1. HP: 12/12 MP: 3/3
     0 | D:1      | 0 ||| qw: Version: 0.3-a-22-g0ed2b0b
     0 | D:1      | 0 ||| qw: Game counter: 6256
     0 | D:1      | 0 ||| qw: Melee chars always use a shield: true
     0 | D:1      | 0 ||| qw: God list: Okawaru
     0 | D:1      | 0 ||| qw: Allow faded altars: false
     0 | D:1      | 0 ||| qw: Do Orc after clearing Dungeon:15 true
     0 | D:1      | 0 ||| qw: Do second Lair branch before Depths: true
     0 | D:1      | 0 ||| qw: Lair rune preference: random
     0 | D:1      | 0 ||| qw: Goals: Normal
     0 | D:1      | 0 ||| PLANNING D:1-11
   230 | D:1      | Reached XP level 2. HP: 16/16 MP: 4/4
   236 | D:1      | Reached skill level 6 in Ranged Weapons
   548 | D:1      | Found a blossoming altar of Fedhas.
   551 | D:1      | 551 ||| UPGRADING to +0 ring mail.
   561 | D:1      | 561 ||| DROPPING +0 leather armour.
   562 | D:1      | 562 ||| UPGRADING to ring of resist corrosion.
   563 | D:1      | 563 ||| DROPPING scroll of butterflies.
   700 | D:2      | You fall into a shaft and drop 1 floor!
   701 | D:3      | 701 ||| PLANNING SEWER
   760 | D:3      | Found a glowing drain.
   764 | D:3      | Reached XP level 3. HP: 20/20 MP: 5/5
   771 | Sewer    | Entered a sewer
   790 | Sewer    | Slain by a river rat

Levels and vault maps discovered:
D:1:      dpeg_arrival_water_altar, layout_rooms, minmay_octomino_c4
D:2:      layout_loops_corners
D:3:      layout_loops_corners, cheibrodos_sewer_entry_drain,
          minmay_misc_feat_plants
Sewer:    sewer_minmay_treatment

Skill      XL: |  1  2 |
---------------+-------+-----
Ranged Weapons | 6 |  6.6
Fighting       | |  1.5
Dodging        | |  2.4
Stealth        | |  1.2

Action                     || total
---------------------------++-------
   Fire: Shortbow          ||    68
 Armour: Leather armour    ||     5
         Ring mail         ||     1
  Dodge: Dodged            ||    19

Table legend:
 A = Non-vault XP
 B = Vault XP
 C = Vault XP percentage of total XP
 D = Non-vault monster count
 E = Vault monster count
 F = Vault count percentage of total count
                 A         B        C        D         E       F
            +---------+---------+-------+---------+---------+-------
      Total |      28 |      15 |  34.9 |      19 |      11 |  36.7
            +---------+---------+-------+---------+---------+-------
        D:1 |      23 |      10 |  30.3 |      15 |       7 |  31.8
        D:2 |       3 |       0 |   0.0 |       2 |       0 |   0.0
        D:3 |       2 |       3 |  60.0 |       2 |       2 |  50.0
      Sewer |       0 |       2 | 100.0 |       0 |       2 | 100.0
            +---------+---------+-------+---------+---------+-------
